 Dungeon Crawl Stone Soup version 0.19.0-18-g426998a (webtiles) character file.

21803 esc the Arsonist (level 12, -9/103 HPs)
             Began as a Demigod Fire Elementalist on Nov 11, 2016.
             Mangled by a death yak (28 damage)
             ... on level 2 of the Lair of Beasts.
             The game lasted 01:11:54 (21631 turns).

esc the Arsonist (Demigod Fire Elementalist)       Turns: 21631, Time: 01:11:54

Health: -9/103     AC:  7    Str: 11    XL:     12   Next: 26%
Magic:  23/28      EV: 20    Int: 27    God:
Gold:   424        SH:  0    Dex: 16    Spells: 7 memorised, 6 levels left

rFire  + . .     SeeInvis .     S - +2 whip (elec)
rCold  + . .     Gourm    +     I - +2 robe {rF+}
rNeg   . . .     Faith    .     (no shield)
rPois  .         Spirit   .     o - +1 helmet
rElec  .         Reflect  .     (no cloak)
rCorr  .         Harm     .     k - +0 pair of gloves
MR     +....     Rnd*Rage +     (no boots)
Stlth  ++........               h - amulet of the gourmand {Gourm, !d}
                                v - ring of wizardry {Wiz+, !d}
                                p - ring of protection from cold {rC+, !d}

@: no status effects
A: repulsion field 1, berserk 1, high mp 1
a: no special abilities


You were on level 2 of the Lair of Beasts.
You were completely stuffed.

You visited 2 branches of the dungeon, and saw 14 of its levels.

You collected 523 gold pieces.
You spent 99 gold pieces at shops.

Inventory:

Hand Weapons
 A - a +0 blowgun
   (You took it off a kobold on level 4 of the Dungeon)
 S - a +2 whip of electrocution (weapon)
   (You took it off an orc on level 9 of the Dungeon)
Missiles
 y - 8 curare-tipped needles
 D - 31 poisoned needles
Armour
 d - +0 fire dragon scales
   (You found it on level 5 of the Dungeon)
 k - a +0 pair of gloves (worn)
   (You found it on level 2 of the Dungeon)
 o - a +1 helmet (worn)
   (You found it on level 3 of the Dungeon)
 I - a +2 robe of fire resistance (worn)
   (You took it off an orc wizard on level 6 of the Dungeon)
Jewellery
 h - an amulet of the gourmand (around neck) {Gourm, !d}
   (You found it on level 12 of the Dungeon)
 i - an uncursed ring of see invisible {sInv, !d}
   (You found it on level 1 of the Dungeon)
 p - a ring of protection from cold (left hand) {rC+, !d}
   (You found it on level 3 of the Dungeon)
 v - a ring of wizardry (right hand) {Wiz+, !d}
   (You found it on level 4 of the Dungeon)
 E - an uncursed ring of ice {rC+, rF-}
   (You found it on level 5 of the Dungeon)
Wands
 J - a wand of teleportation (0/9)
   (You took it off Blork the orc on level 5 of the Dungeon)
 K - a wand of polymorph (13/24)
   (You found it on level 8 of the Dungeon)
 M - a wand of flame (17/48)
   (You took it off a goblin on level 9 of the Dungeon)
 N - a wand of acid (1/15)
   (You found it on level 8 of the Dungeon)
Scrolls
 a - 2 scrolls of blinking {unknown}
 e - 2 scrolls of recharging
 l - 2 scrolls of enchant armour
 m - 5 scrolls of remove curse
 n - 3 scrolls of fog
 q - a scroll of immolation {!r}
 u - 6 scrolls of amnesia
 B - a scroll of acquirement {unknown}
 F - a scroll of enchant weapon
 L - 3 scrolls of magic mapping {unknown}
 P - a scroll of summoning {unknown}
 Q - a scroll of teleportation
Potions
 f - 4 potions of brilliance
 g - a potion of resistance
 j - a potion of cancellation {unknown}
 w - 2 potions of haste
 x - 5 potions of flight
 C - 2 potions of agility
 G - 2 potions of might
 H - a potion of curing
Books
 b - a book of Flames
 O - a book of Changes
   (You found it on level 2 of the Lair of Beasts)
 R - a book of Battle
   (You found it on level 10 of the Dungeon)
Comestibles
 c - 7 bread rations {@e1}
 r - 3 royal jellies
 s - 12 fruits
 t - a chunk of flesh {@w0}
 z - 7 meat rations {@e2}


   Skills:
 + Level 8.8 Fighting
 + Level 2.6 Maces & Flails
 + Level 9.0 Dodging
 - Level 1.7 Stealth
 + Level 8.0 Spellcasting
 + Level 8.7 Conjurations
 + Level 9.2 Fire Magic


You had 6 spell levels left.
You knew the following spells:

 Your Spells              Type           Power        Failure   Level  Hunger
a - Flame Tongue          Conj/Fire      #####        1%          1    None
c - Conjure Flame         Conj/Fire      ######..     1%          3    None
f - Fireball              Conj/Fire      ######....   1%          5    ####...
r - Regeneration          Chrm/Necr      ##........   7%          3    None
s - Sticky Flame          Conj/Fire      ######..     1%          4    ##.....
x - Throw Flame           Conj/Fire      ######       1%          2    None
z - Spectral Weapon       Hex/Chrm       ##......     7%          3    None


Dungeon Overview and Level Annotations

Branches:
Dungeon (12/15)            Temple (0/1) D:5            Lair (2/6) D:11
    Orc (0/2) D:10
  Swamp: Lair:2-4    Shoals: Lair:2-4     Snake: Lair:2-4    Spider: Lair:2-4

Shops:
D:9 *   D:12 *

Annotations:
D:8 exclusion: 3 killer bees


Innate Abilities, Weirdness & Mutations

You have an increased reservoir of magic. (+10% MP)
You are surrounded by a mild repulsion field. (EV +2)
You tend to lose your temper in combat.


Message History

You now have 16/28 mp.
Aim: a wolf (moderately wounded)
The flame tongue hits the wolf.
You now have 15/28 mp.
Aim: a wolf (severely wounded)
The flame tongue misses the wolf.
You now have 14/28 mp.
Aim: a wolf (severely wounded)
The sticky flame hits the wolf.
You kill the wolf!
You now have 10/28 mp.
You start resting.
A wolf comes into view.
You regained 9 mp, and now have 20/28 mp.
The wolf howls!
Aim: a wolf The puff of flame misses the wolf.
You now have 19/28 mp.
Aim: a wolf The flame tongue hits the wolf.
You now have 18/28 mp.
Aim: a wolf (heavily wounded)
The sticky flame hits the wolf.
The wolf is covered in liquid flames!
The wolf burns!
You kill the wolf!
You now have 14/28 mp.
You see here a wolf corpse.
You butcher the wolf corpse.
t - 3 chunks of flesh {@w0} (gained 1)
You see here a wolf skeleton.
You start resting.
MP restored: 28 You see here 23 stones.
O - a book of Changes
Okay, then.
The death yak bellows!
Okay, then.
You draw out your weapon's spirit!
You now have 25/28 mp.
Aim: a death yak The sticky flame hits the death yak.
The death yak is covered in liquid flames!
The death yak burns!
The death yak gores you.
You take 3 damage, and have 100/103 hp.
You now have 22/28 mp.
You hit the death yak.
There is a sudden explosion of sparks!
The death yak burns!
Your spectral weapon hits the death yak.
There is a sudden explosion of sparks!
The death yak gores you!
You take 17 damage, and have 83/103 hp.
You hit the death yak but do no damage.
The death yak burns!
Your spectral weapon hits the death yak.
The death yak gores you!
You take 11 damage, and have 72/103 hp.
You hit the death yak but do no damage.
The death yak burns!
Your spectral weapon hits the death yak but does no damage.
There is a sudden explosion of sparks!
You kill the death yak!
Your Dodging skill increases to level 9!
You start resting.
You regained 2 hp, and now have 74/103 hp.
You regained 2 mp, and now have 24/28 mp.
Aim: a death yak The sticky flame hits the death yak.
The death yak is covered in liquid flames!
The death yak burns!
The death yak completely misses you.
You now have 20/28 mp.
You hit the death yak but do no damage.
The death yak burns!
Your spectral weapon hits the death yak but does no damage.
The death yak gores you but does no damage.
You hit the death yak.
The death yak burns!
Your spectral weapon hits the death yak but does no damage.
There is a sudden explosion of sparks!
The death yak gores you!!
You hear a bellow!
You take 21 damage, and have 54/103 hp.
MASSIVE DAMAGE!!
You hit the death yak.
Your spectral weapon fades away.
The death yak burns!
The death yak gores you!!
You take 22 damage, and have 32/103 hp.
MASSIVE DAMAGE!!
The death yak burns!
The death yak burns!
The death yak stops burning.
The death yak gores the plant.
Aim: a death yak (heavily wounded)
The sticky flame hits the death yak.
The death yak appears unharmed.
The death yak is covered in liquid flames!
The death yak burns!
The death yak gores you!!
* * * LOW HITPOINT WARNING * * *
You take 20 damage, and have 13/103 hp.
You now have 18/28 mp.
Unknown command.
The death yak burns!
The death yak burns!
The death yak burns!
The death yak burns!
The death yak burns!
The death yak stops burning.
Some of the chunks of flesh in your inventory have rotted away.
Okay, then.
There is a stone staircase leading up, spattered with blood here.
The death yak gores you!!
You die...

[.#..#...###P..###...###.#..(.
..........Y...................
#...PP.#..###............####
.......######..#P..#.##..#
#....รท..# #...##..#####.##
#......## ##...#..####..P#
#......#####........##.#..###P#.#
#......P..###.........#.........#
.#..............@Y.......#######.
#.#.....P###....####Y##..##
........## ##.<.#.#...#...#
.####..PP# #............## ##
#.>..................#
#.#####...##.#.#...### ...
#P..........## ... ########.####
###


You could see 2 death yaks.

Vanquished Creatures
  2 death yaks
  An unseen horror (D:10)
  3 hill giants
  An orc knight (D:12)
  3 elephants
  A black mamba (Lair:2)
  3 spiny frogs
  A komodo dragon (Lair:1)
  A hornet (D:12)
  5 trolls
  A two-headed ogre (D:12)
  A queen bee (D:9)
  A slime creature (D:12)
  3 hippogriffs
  4 blink frogs (Lair:1)
  11 yaks
  8 wyverns
  2 humans (D:8)
  3 vampire mosquitoes
  2 wargs (D:12)
  A mottled dragon (D:10)
  5 water moccasins
  The ghost of TheWoodenMan the Conjurer, an amateur TeWz of Sif Muna (D:3)
  3 porcupines
  3 ice beasts
  A black bear (D:6)
  6 orc warriors
  2 necrophages (D:10)
  2 phantoms
  An eye of draining (D:10)
  4 sky beasts
  6 ogres
  4 wolves (Lair:2)
  5 centaurs
  5 crocodiles
  3 big kobolds
  8 bullfrogs
  Blork the orc (D:5)
  The ghost of AnotherOne the Ducker, an amateur SpAK of Lugonu (D:4)
  3 gnoll sergeants (D:10)
  A bullfrog (shapeshifter) (D:12)
  2 wyvern skeletons
  17 killer bees
  13 wights
  2 electric eels (Lair:1)
  A centaur zombie (D:5)
  4 crimson imps
  A jelly (D:8)
  A quasit (D:10)
  8 orc priests
  4 bullfrog skeletons
  2 centaur skeletons
  2 hounds
  16 orc wizards
  3 iguanas
  15 worker ants
  2 killer bee zombies
  A hound zombie (D:11)
  A hound skeleton (D:10)
  A worker ant zombie (D:5)
  Robin (D:2)
  8 adders
  11 gnolls
  A shadow imp (D:10)
  An ooze (D:2)
  6 adder skeletons
  2 worms (D:2)
  3 dart slugs
  6 leopard geckos
  63 orcs
  2 bat skeletons (D:2)
  A bat zombie (D:2)
  8 giant cockroaches
  21 goblins
  12 hobgoblins
  21 jackals
  20 kobolds
  8 quokkas
  3 ball pythons
  6 bats
  2 frilled lizards
  2 leopard gecko skeletons
  A leopard gecko zombie (D:6)
  4 rats
432 creatures vanquished.

Vanquished Creatures (others)
  An orc (D:5)
  A jackal (D:5)
  5 bushes (Lair:2)
  3 fungi
  2 plants
  2 spectral weapons (Lair:2)
14 creatures vanquished.

Grand Total: 446 creatures vanquished

Notes
Turn   | Place    | Note
-------+----------+-------------------------------------------
     0 | D:1      | esc the Demigod Fire Elementalist began the quest for the Orb.
     0 | D:1      | Reached XP level 1. HP: 14/14 MP: 5/5
    94 | D:1      | Reached skill level 1 in Conjurations
   241 | D:1      | Reached skill level 2 in Spellcasting
   246 | D:1      | Reached skill level 2 in Dodging
   254 | D:1      | Reached XP level 2. HP: 10/20 MP: 0/7
   992 | D:2      | Reached skill level 3 in Fire Magic
   992 | D:2      | Reached XP level 3. HP: 26/27 MP: 2/8
  1064 | D:2      | Learned a level 2 spell: Throw Flame
  1793 | D:2      | Reached skill level 1 in Fighting
  1967 | D:2      | Reached XP level 4. HP: 35/35 MP: 7/10
  2095 | D:2      | Reached skill level 2 in Conjurations
  2101 | D:2      | Learned a level 3 spell: Conjure Flame
  2342 | D:2      | Found a deep blue altar of Sif Muna.
  2654 | D:3      | Noticed Robin
  2800 | D:3      | Noticed TheWoodenMan's ghost (amateur TeWz)
  2852 | D:2      | Killed Robin
  2893 | D:3      | Found a hazy altar of Hepliaklqana.
  3278 | D:4      | Reached XP level 5. HP: 35/41 MP: 6/11
  3596 | D:4      | Reached skill level 2 in Fighting
  3596 | D:4      | Reached skill level 3 in Dodging
  3871 | D:4      | Reached skill level 3 in Spellcasting
  4084 | D:4      | Noticed AnotherOne's ghost (amateur SpAK)
  4090 | D:4      | Killed AnotherOne's ghost
  4090 | D:4      | Reached XP level 6. HP: 36/48 MP: 5/13
  4202 | D:4      | Found a blossoming altar of Fedhas.
  5180 | D:4      | Reached skill level 4 in Fire Magic
  5301 | D:4      | Learned a level 4 spell: Sticky Flame
  5497 | D:5      | Entered Level 5 of the Dungeon
  5580 | D:5      | Reached skill level 3 in Fighting
  5580 | D:5      | Reached skill level 3 in Conjurations
  5580 | D:5      | Reached XP level 7. HP: 38/57 MP: 3/15
  5582 | D:5      | HP: 7/57 [orc/falchion of draining (8)]
  5608 | D:5      | Gained mutation: You are surrounded by a mild repulsion field. (EV +2) [potion of mutation]
  5608 | D:5      | Gained mutation: You tend to lose your temper in combat. [potion of mutation]
  6204 | D:5      | Found a hide-covered altar of Uskayaw.
  6509 | D:5      | Found a staircase to the Ecumenical Temple.
  6989 | D:7      | Found an ancient bone altar of Kikubaaqudgha.
  7014 | D:7      | Reached skill level 4 in Spellcasting
  7234 | D:7      | Reached skill level 4 in Dodging
  7237 | D:7      | HP: 13/58 [orc/war axe (6)]
  7240 | D:7      | HP: 6/58 [orc/war axe (4)]
  7632 | D:7      | Reached XP level 8. HP: 66/66 MP: 9/17
  7806 | D:7      | Reached skill level 4 in Fighting
  8212 | D:6      | Found a burning altar of Makhleb.
  8257 | D:6      | Reached skill level 4 in Conjurations
  8262 | D:6      | Reached skill level 5 in Fire Magic
  9508 | D:6      | Reached skill level 5 in Dodging
  9516 | D:6      | Reached skill level 5 in Spellcasting
  9857 | D:5      | Reached XP level 9. HP: 73/73 MP: 11/20
  9866 | D:5      | Noticed Blork the orc
  9928 | D:5      | Killed Blork the orc
  9928 | D:5      | Reached skill level 5 in Fighting
 10079 | D:3      | Killed TheWoodenMan's ghost
 10486 | D:8      | Reached skill level 5 in Conjurations
 10671 | D:8      | Reached skill level 6 in Fire Magic
 10879 | D:8      | Learned a level 5 spell: Fireball
 10887 | D:8      | Found a shattered altar of Ashenzari.
 10987 | D:8      | Found a snail-covered altar of Cheibriados.
 11250 | D:8      | Found an iron altar of Okawaru.
 11610 | D:9      | Found a radiant altar of Vehumet.
 11960 | D:9      | Reached skill level 6 in Dodging
 12308 | D:9      | Reached skill level 6 in Fighting
 12882 | D:9      | You fall through a shaft for 3 floors!
 13036 | D:12     | Reached XP level 10. HP: 83/83 MP: 13/22
 13079 | D:12     | Reached skill level 6 in Spellcasting
 13079 | D:12     | Reached skill level 6 in Conjurations
 13199 | D:12     | Noticed a cyclops
 13200 | D:12     | Noticed a red ugly thing
 13272 | D:12     | Noticed an orc knight
 13276 | D:12     | Reached skill level 7 in Fire Magic
 13578 | D:12     | Found Vumedomo's Assorted Antiques.
 13676 | D:12     | Noticed a hill giant
 13690 | D:12     | Killed a hill giant
 13755 | D:12     | HP: 20/84 [orc warrior/war axe (15)]
 14028 | D:12     | Noticed a cyclops
 14272 | D:12     | Killed an orc knight
 14272 | D:12     | Reached skill level 7 in Fighting
 14272 | D:12     | Reached skill level 7 in Dodging
 14621 | D:12     | HP: 14/86 [slime creature (13)]
 14650 | D:12     | Noticed a sixfirhy
 14679 | D:12     | Noticed a smoke demon
 14684 | D:12     | HP: 20/86 [vampire mosquito (5)]
 14700 | D:11     | HP: 15/86 [vampire mosquito (1)]
 15622 | D:11     | Reached skill level 7 in Conjurations
 15635 | D:11     | Reached XP level 11. HP: 89/92 MP: 2/25
 16077 | D:11     | Noticed a hill giant
 16117 | D:10     | Entered Level 10 of the Dungeon
 16448 | D:9      | Found Xusixkamp's General Store.
 16465 | D:9      | Bought a potion of agility for 44 gold pieces
 16465 | D:9      | Bought a scroll of identify for 22 gold pieces
 16465 | D:9      | Bought a scroll of teleportation for 33 gold pieces
 16668 | D:10     | Reached skill level 7 in Spellcasting
 16671 | D:10     | HP: 22/92 [burnt (2)]
 17061 | D:10     | Reached skill level 8 in Fire Magic
 17094 | D:10     | Noticed a hill giant
 17156 | D:10     | Killed a hill giant
 17497 | D:10     | Found a staircase to the Orcish Mines.
 17670 | D:10     | Reached skill level 8 in Dodging
 18243 | D:10     | Reached skill level 8 in Fighting
 18444 | D:10     | Learned a level 3 spell: Regeneration
 18541 | D:10     | Noticed an unseen horror
 18544 | D:10     | Killed an unseen horror
 18817 | D:11     | Noticed a hill giant
 18828 | D:11     | Killed a hill giant
 18957 | D:9      | Reached skill level 8 in Conjurations
 19098 | D:10     | Learned a level 3 spell: Spectral Weapon
 19109 | D:11     | Found a staircase to the Lair.
 19116 | Lair:1   | Entered Level 1 of the Lair of Beasts
 19726 | Lair:1   | Reached skill level 1 in Maces & Flails
 20502 | Lair:2   | Reached XP level 12. HP: 103/103 MP: 19/28
 20602 | Lair:1   | HP: 25/103 [death yak (23)]
 20604 | Lair:1   | HP: 11/103 [death yak (15)]
 20651 | Lair:1   | Reached skill level 9 in Fire Magic
 21034 | Lair:2   | Reached skill level 2 in Maces & Flails
 21398 | Lair:2   | Reached skill level 8 in Spellcasting
 21592 | Lair:2   | Reached skill level 9 in Dodging
 21609 | Lair:2   | HP: 13/103 [death yak (20)]
 21631 | Lair:2   | Mangled by a death yak

Skill      XL: |  1  2  3  4  5  6  7  8  9 10 11 12 |
---------------+-------------------------------------+-----
Conjurations   | 1 2 3 4 5 7 8 |  8.7
Spellcasting   | 2 3 4 5 6 7 8 |  8.0
Dodging        | 2 3 4 5 6 7 8 9 |  9.0
Fire Magic     | 3 4 5 6 7 8 9 |  9.2
Fighting       | 1 2 3 4 6 7 8 |  8.8
Maces & Flails | 1 2 |  2.6
Stealth        | |  1.7

Action                   |  1- 3 |  4- 6 |  7- 9 | 10-12 || total
-------------------------+-------+-------+-------+-------++-------
Melee: Club              |    62 |    19 |       |       ||    81
       Unarmed           |     2 |       |       |       ||     2
       Short sword       |       |    76 |   301 |    87 ||   464
       Whip              |       |       |       |    51 ||    51
 Cast: Flame Tongue      |    61 |   165 |   122 |   177 ||   525
       Throw Flame       |    12 |    36 |    92 |   141 ||   281
       Sticky Flame      |       |     1 |    68 |   132 ||   201
       Conjure Flame     |       |       |       |     5 ||     5
       Fireball          |       |       |       |     1 ||     1
       Regeneration      |       |       |       |     6 ||     6
       Spectral Weapon   |       |       |       |     4 ||     4
Evoke: Wand              |       |       |       |     7 ||     7
  Use: Potion            |     1 |       |     8 |     5 ||    14
       Scroll            |       |     1 |    16 |     4 ||    21
 Stab: Sleeping          |     1 |     2 |     1 |       ||     4
       Invisible         |       |       |     5 |       ||     5
       Distracted        |       |       |       |     1 ||     1
  Eat: Chunk             |     5 |    11 |    22 |    33 ||    71
       Beef jerky        |       |     1 |     4 |       ||     5
       Fruit             |       |       |     2 |       ||     2
       Pizza             |       |       |     1 |     3 ||     4
       Royal jelly       |       |       |     1 |     5 ||     6
Armor: Robe              |    29 |    29 |    56 |    62 ||   176
       Skin              |       |       |    63 |       ||    63
       Fire dragon scale |       |       |    42 |       ||    42
Dodge: Dodged            |    97 |    96 |   288 |   369 ||   850
Block: Buckler           |       |       |     3 |       ||     3

Vault maps used:
D:1:      minmay_arrival_loop, hex_large
D:2:      lemuel_blue_sif_altar, serial_undead, serial_undead_c,
          serial_undead_c, serial_undead_c, serial_undead_d
D:3:      lemuel_doored_altar, uniq_robin
D:4:      corexii_shantytown, fedhas_altar_3
D:5:      eat_drink_and_be_merry_uskayaw, first_bread, uniq_blork_the_orc
D:6:      demons_altar
D:7:      overflow_temple_1_default
D:8:      okawaru_humans, nicolae_overflow_hidden_temple, ashenzari_altar_1,
          kennysheep_little_box
D:9:      vehumet_altar_wand_db, serial_shops, nicolae_shop_waterfront,
          david_nohive_1
D:10:     kennysheep_orc_monster_closet_entryway
D:11:     lair_0_dummy, enter_trove_3, eino_small_chamber_without_monster,
          grunt_ministairs_6
D:12:     minmay_ambush_box, serial_shops, kennysheep_mini
Lair:1:   grunt_megastairs_4, serial_bayou_shore_a, infiniplex_staircase_pool
Lair:2:   serial_bayou_lagoon_b

Table legend:
 A = Turns spent in this place as a percentage of turns spent in the entire game.
 B = Non-inter-level travel turns spent in this place as a percentage of non-inter-level travel turns spent in the entire game.
 C = Inter-level travel turns spent in this place as a percentage of turns spent in this place.
 D = Turns resting spent in this place as a percentage of non-inter-level travel turns spent in this place.
 E = Turns spent auto-exploring this place as a percentage of non-inter-level travel turns spent in this place.
 F = Non-inter-level travel turns spent in this place divided by the number of levels of this place that you've seen.
                   A       B       C       D       E      F
               +-------+-------+-------+-------+-------+----------------------
         Total | 100.0 | 100.0 |   0.6 |   8.6 |   7.0 | 369.3
       Dungeon |  88.8 |  88.9 |   0.6 |   8.6 |   7.0 | 382.8
          Lair |  11.2 |  11.1 |   0.7 |   8.5 |   7.1 | 288.0
               +-------+-------+-------+-------+-------+----------------------

Table legend:
 A = Kills in this place as a percentage of kills in entire the game.
 B = Kills by you in this place as a percentage of kills by you in the entire game.
 C = Kills by friends in this place as a percentage of kills by friends in the entire game.
 D = Other kills in this place as a percentage of other kills in the entire game.
 E = Experience gained in this place as a percentage of experience gained in the entire game.
 F = Experience gained in this place divided by the number of levels of this place that you have seen.
                   A       B       C       D       E      F
               +-------+-------+-------+-------+-------+----------------------
         Total | 100.0 | 100.0 |  -nan |  -nan | 100.0 | 2224.9
       Dungeon |  91.0 |  91.0 |  -nan |  -nan |  69.8 | 1811.2
          Lair |   9.0 |   9.0 |  -nan |  -nan |  30.2 | 4706.5
               +-------+-------+-------+-------+-------+----------------------
